 Dungeon Crawl Stone Soup version 0.22-a0-414-gacd343e (webtiles) character file.

46 Goblin1989 the Chopper (level 3, -2/29 HPs)
             Began as a Demonspawn Chaos Knight on May 13, 2018.
             Slain by a swamp drake (5 damage)
             ... on level 2 of the Dungeon.
             The game lasted 00:03:26 (1091 turns).

Goblin1989 the Chopper (Demonspawn Chaos Knight)    Turns: 1091, Time: 00:03:27

Health: -2/29      AC: 13    Str: 10 (13) XL:     3   Next: 46%
Magic:  3/3        EV:  4    Int: 10 (13) God:    Xom [......]
Gold:   11         SH:  0    Dex: 10 (12) Spells: 2/2 levels left

rFire    . . .     SeeInvis .   a - +0 hand axe (chaos)
rCold    . . .     Gourm    .   (no shield)
rNeg     . . .     Faith    .   h - +0 storm dragon scales
rPois    .         Spirit   .   (helmet restricted)
rElec    +         Reflect  .   (no cloak)
rCorr    .         Harm     .   (no gloves)
MR       .....                  (no boots)
Stlth    ..........             (no amulet)
HPRegen  0.09/turn              (no ring)
MPRegen  0.08/turn              (no ring)

@: confused
A: antennae 1, slimy green scales 1
a: Renounce Religion


You were on level 2 of the Dungeon.
You worshipped Xom.
You were a very special plaything of Xom.
You were not hungry.

You visited 1 branch of the dungeon, and saw 2 of its levels.

You collected 11 gold pieces.

Inventory:

Hand Weapons
 a - a +0 hand axe of chaos (weapon)
Armour
 b - a +2 leather armour
 h - +0 storm dragon scales (worn)
Scrolls
 j - a scroll of identify {unknown}
 k - a scroll of fear {unknown}
 l - a scroll of amnesia {unknown}
Potions
 i - a potion of degeneration
Comestibles
 e - 5 rations


   Skills:
 - Level 3.0 Fighting
 + Level 3.5 Axes
 + Level 2.6 Armour
 - Level 0.8 Dodging


You had 2 spell levels left.
You didn't know any spells.
Your spell library was empty.

Dungeon Overview and Level Annotations

Branches:
Dungeon (2/15)

Altars:


Innate Abilities, Weirdness & Mutations

You have a pair of small antennae on your head.
You are partially covered in slimy green scales. (AC +2)


Message History

All of the chunks of flesh in your inventory have rotted away.
You take 7 damage, and have 22/29 hp.
MASSIVE DAMAGE!!
Your storm dragon scales prevents you from hitting the swamp drake.
The swamp drake bites you but does no damage. x2
You closely miss the swamp drake. The swamp drake completely misses you.
The swamp drake bites you but does no damage.
You hit the swamp drake.
The swamp drake is lightly wounded.
The swamp drake completely misses you. The swamp drake barely misses you.
Your storm dragon scales prevents you from hitting the swamp drake.
The swamp drake is lightly wounded.
The swamp drake breathes noxious fumes at you.
The noxious blast engulfs you!
Your storm dragon scales prevents you from hitting the swamp drake.
The swamp drake is lightly wounded.
You are engulfed in noxious fumes.
You choke on the stench!
You are confused.
The swamp drake bites you but does no damage. x2
You take 1 damage, and have 22/29 hp.
You hit the swamp drake but do no damage.
The swamp drake is lightly wounded.
You are engulfed in noxious fumes.
You choke on the stench!
You are more confused.
The swamp drake bites you!
You take 8 damage, and have 14/29 hp.
MASSIVE DAMAGE!!
The swamp drake breathes noxious fumes at you.
The noxious blast engulfs you!
The swamp drake bites you but does no damage.
You are engulfed in noxious fumes.
You choke on the stench!
You are more confused.
* * * LOW HITPOINT WARNING * * *
The swamp drake bites you but does no damage.
You take 1 damage, and have 13/29 hp.
You are engulfed in noxious fumes.
You choke on the stench!
You are more confused.
The swamp drake bites you.
* * * LOW HITPOINT WARNING * * *
The swamp drake bites you but does no damage.
You take 4 damage, and have 9/29 hp.
You bump into the tree.
The swamp drake bites you but does no damage.
You bump into the tree.
The swamp drake breathes noxious fumes at you.
The noxious blast engulfs you!
The swamp drake bites you but does no damage.
Unknown command.
You are engulfed in noxious fumes.
You choke on the stench!
You are more confused.
* * * LOW HITPOINT WARNING * * *
The swamp drake bites you but does no damage.
You take 1 damage, and have 8/29 hp.
You're too confused!
Unknown command.
You bump into the tree.
You are engulfed in noxious fumes.
You choke on the stench!
You are more confused.
The swamp drake bites you.
* * * LOW HITPOINT WARNING * * *
You take 1 damage, and have 7/29 hp.
You bump into the tree.
The swamp drake bites you but does no damage.
The swamp drake bites you.
* * * LOW HITPOINT WARNING * * *
You take 3 damage, and have 4/29 hp.
The swamp drake barely misses you.
The swamp drake breathes noxious fumes at you.
The noxious blast engulfs you! The swamp drake barely misses you.
Unknown command.
You are engulfed in noxious fumes.
You choke on the stench!
You are more confused.
Xom's power flows through you!
You are now a very special plaything of Xom.
The swamp drake breathes noxious fumes at you.
The noxious blast engulfs you!
Unknown command.
Are you sure you want to stumble around while confused and next to your butterfly?
Okay, then.
You're standing in a cloud of noxious fumes!
Unknown command.
You're standing in a cloud of noxious fumes!
Unknown command.
You are engulfed in noxious fumes.
You choke on the stench!
You are more confused.
* * * LOW HITPOINT WARNING * * *
Your butterfly is engulfed in noxious fumes.
Your butterfly appears confused.
Your butterfly dies!
Your butterfly is engulfed in noxious fumes.
Your butterfly appears confused.
Your butterfly is engulfed in noxious fumes.
Your butterfly appears confused.
The swamp drake breathes noxious fumes at you.
The noxious blast engulfs you!
Your butterfly is engulfed in noxious fumes.
Your butterfly appears confused.
Your butterfly is engulfed in noxious fumes.
Your butterfly appears confused.
The swamp drake bites you.
You die...
Xom cackles wildly!

▓· ···▓▓▓··
♣.♣♣ ♣♣♣ · ▓▓
· ▓▓ ♣♣.♣♣ ♣..
▓ ▓▓· ·▓
♣♣.♣▓♣♣.♣ ♣♣·
▓▓▓ ♣).♣♣...♣
♣.. ▓ ♣♣....♣
♣..♣♣▓ ♣♣♣.♣♣
♣....♣♣♣♣
♣.♣♣♣ ▓
♣....§♣♣♣
♣♣..♣
♣♣♣♣.§@§♣♣
♣♣.♣
♣♣♣kbb♣♣♣♣
♣♣.♣
♣♣♣§§§.♣♣♣♣.♣♣
♣♣♣♣.....♣♣ ▓▓
▓ ♣...♣♣♣♣ ▓
▓▓ ▓ ·
▓▓▓▓▓▓▓▓
▓♣...♣▓ ▓▓ ···
▓▓ ··▓
··....... ▓ ▓
·▓ ▓▓▓ · ·
♣♣♣♣♣♣..♣ ▓ ▓▓
▓▓ ▓▓▓ ♣♣.. ·


You could see a swamp drake.

Vanquished Creatures
  An adder (D:2)
  A worm (D:2)
  4 dart slugs
  2 giant cockroaches (D:1)
  3 goblins
  3 hobgoblins (D:1)
  5 bats (D:1)
  A frilled lizard (D:1)
  4 kobolds (D:1)
  3 rats (D:1)
27 creatures vanquished.

Notes
Turn   | Place    | Note
-------+----------+-------------------------------------------
     0 | D:1      | Goblin1989 the Demonspawn Chaos Knight began the quest for the Orb.
     0 | D:1      | Reached XP level 1. HP: 18/18 MP: 1/1
    45 | D:1      | XOM: silly message
   229 | D:1      | XOM: potion effect (invisibility)
   260 | D:1      | Gained mutation: You are partially covered in slimy green scales. (AC +2) [demonic ancestry]
   260 | D:1      | Reached XP level 2. HP: 24/24 MP: 2/2
   560 | D:1      | Gained mutation: You have a pair of small antennae on your head. [demonic ancestry]
   560 | D:1      | Reached XP level 3. HP: 29/29 MP: 3/3
  1058 | D:2      | Noticed a swamp drake
  1058 | D:2      | a worm changed into a swamp drake
  1058 | D:2      | XOM: divination: magic mapping
  1090 | D:2      | XOM: cast spell 'Summon Butterflies'
  1091 | D:2      | Slain by a swamp drake

Vault maps used:
D:1:      kennysheep_arrival_seaside
D:2:      kb_forest_paths, lemuel_crystal_altar, lemuel_coloured_pillars_altar,
          minmay_misc_feat_enclosed, bloody_trog

Skill      XL: |  1 |
---------------+----+-----
Axes           | 3 |  3.5
Armour         | 2 |  2.6
Fighting       | |  3.0
Dodging        | |  0.8

Action                   || total
-------------------------++-------
Melee: Hand axe          ||   109
  Use: Potion            ||     3
 Stab: Invisible         ||     4
  Eat: Chunk             ||     1
Armor: Storm dragon scal ||    81
       Leather armour    ||     8
Dodge: Dodged            ||    42

Table legend:
 A = Spawn XP
 B = Non-spawn XP
 C = Spawn XP percentage of total XP
 D = Spawn monster count
 E = Non-spawn monster count
 F = Spawn count percentage of total count
 G = Total turns spent on level
                    A         B        C        D         E        F      G
               +---------+---------+-------+---------+---------+-------+---------
         Total |       0 |      67 |   0.0 |       0 |      27 |   0.0 |  1091
               +---------+---------+-------+---------+---------+-------+---------
           D:1 |       0 |      43 |   0.0 |       0 |      23 |   0.0 |   841
           D:2 |       0 |      24 |   0.0 |       0 |       4 |   0.0 |   250
               +---------+---------+-------+---------+---------+-------+---------

Vault maps used:
D:1:      kennysheep_arrival_seaside
D:2:      kb_forest_paths, lemuel_crystal_altar, lemuel_coloured_pillars_altar,
          minmay_misc_feat_enclosed, bloody_trog
